 Dungeon Crawl Stone Soup version 0.22-a0-160-gcc81d7a (webtiles) character file.

1878 Gildeon the Slasher (level 9, -3/68 HPs)
             Began as a Human Fighter on Feb 10, 2018.
             Was a Follower of Qazlal.
             Killed by nerve-wracking pain
             ... invoked by an orc priest
              (5 damage)
             ... on level 7 of the Dungeon.
             The game lasted 00:33:29 (6810 turns).

Gildeon the Slasher (Human Fighter)                 Turns: 6810, Time: 00:33:30

Health: -3/68      AC: 15    Str: 18    XL:     9   Next: 36%
Magic:  24/24      EV:  7    Int: 10    God:    Qazlal [*.....]
Gold:   257        SH: 12    Dex: 13    Spells: 14/16 levels left

rFire    + . .     SeeInvis .   a - +2 long sword
rCold    + + .     Gourm    .   c - +0 shield
rNeg     . . .     Faith    +   d - +3 chain mail
rPois    +         Spirit   .   m - +0 helmet
rElec    +         Reflect  .   j - +0 cloak
rCorr    +         Harm     .   (no gloves)
MR       .....                  (no boots)
Stlth    ..........             h - amulet of faith
HPRegen  0.21/turn              i - ring of magical power
MPRegen  0.19/turn              g - ring of protection from cold

@: resistant
A: no striking features
a: Renounce Religion


You were on level 7 of the Dungeon.
You worshipped Qazlal.
Qazlal was aware of your devotion.
You were not hungry.

You visited 1 branch of the dungeon, and saw 8 of its levels.

You collected 257 gold pieces.

Inventory:

Hand Weapons
 a - a +2 long sword (weapon)
Armour
 c - a +0 shield (worn)
 d - a +3 chain mail (worn)
 j - a +0 cloak (worn)
 m - a +0 helmet (worn)
Jewellery
 g - a ring of protection from cold (right hand)
 h - an amulet of faith (around neck)
 i - a ring of magical power (left hand)
Wands
 s - a wand of random effects (55)
Scrolls
 q - 5 scrolls of remove curse
Potions
 b - 3 potions of flight
 o - 2 potions of magic
 t - a potion of ambrosia {unknown}
Books
 e - a book of Misfortune

   Spells                             Type                      Level
   a - Confusing Touch                Hexes                        1
   b - Confuse                        Hexes                        3
   c - Gell's Gravitas                Translocation                3
   d - Petrify                        Transmutation/Earth          4
   e - Metabolic Englaciation         Hexes/Ice                    5
   f - Yara's Violent Unravelling     Hexes/Transmutation          5
 k - a book of Conjurations

   Spells                             Type                      Level
   a - Magic Dart                     Conjuration                  1
   b - Searing Ray                    Conjuration                  2
   c - Dazzling Spray                 Conjuration/Hexes            3
   d - Fulminant Prism                Conjuration/Hexes            4
   e - Force Lance                    Conjuration/Translocation    4
   f - Iskenderun's Mystic Blast      Conjuration                  4
 n - a book of Debilitation

   Spells                             Type                      Level
   a - Corona                         Hexes                        1
   b - Slow                           Hexes                        2
   c - Inner Flame                    Hexes/Fire                   3
   d - Portal Projectile              Hexes/Translocation          3
   e - Cause Fear                     Hexes                        4
   f - Leda's Liquefaction            Hexes/Earth                  4
Comestibles
 f - 6 rations


   Skills:
 - Level 5.0 Fighting
 - Level 5.7 Long Blades
 - Level 5.3 Armour
 - Level 5.1 Dodging
 - Level 5.0 Shields
 + Level 4.1 Spellcasting


You had 14 spell levels left.
You knew the following spells:

 Your Spells              Type           Power        Failure   Level  Hunger
a - Confusing Touch       Hex            #.....       100%        1    #......
b - Corona                Hex            #......      100%        1    #......


Dungeon Overview and Level Annotations

Branches:
Dungeon (8/15)             Temple (0/1) D:7
   Lair: D:8-11

Altars:
Ashenzari
Dithmenos
Elyvilon
Kikubaaqudgha
Makhleb
Nemelex Xobeh
Okawaru
Qazlal
Ru
Uskayaw
Vehumet
Zin

Annotations:
D:5 Prince Ribbit


Message History

There is a stone staircase leading down here.
You hit the orc priest.
The orc priest is heavily wounded.
The orc hits you but does no damage. You block the orc priest's attack.
You barely miss the orc priest.
The orc priest is heavily wounded.
The orc is struck by lightning.
You kill the orc!
Qazlal accepts your kill. You block the orc priest's attack.
You closely miss the orc priest.
The orc priest is heavily wounded.
The orc priest calls down the wrath of Beogh upon you.
Beogh smites you!
* * * LOW HITPOINT WARNING * * *
You slash the orc priest!
The orc priest is almost dead.
The orc priest calls down the wrath of Beogh upon you.
Pain shoots through your body!
You die...

.< #.#{#########.....
#. #.#.......([(.....
#.##.#...#######.....
#..#.#...# .....
#.#.#...# .....
#...#...# .....
##..#...# .....
#o§#...# {o...
#.@#...# ...oo ####


You could see an orc priest.

Vanquished Creatures
  The ghost of anet the Magician, an amateur DEWz of Ashenzari (D:4)
  Duvessa (D:6)
  A black bear (D:6)
  An ice beast (D:6)
  A sky beast (D:4)
  A phantom (D:6)
  3 ogres
  A centaur (D:5)
  The ghost of dxctxrx the Firebug, an amateur DEFE (D:3)
  A bullfrog (D:6)
  3 scorpions
  Dowan (D:6)
  2 crimson imps
  A centaur skeleton (D:7)
  A hound (D:6)
  Crazy Yiuf (D:6)
  3 orc priests
  An iguana (D:7)
  An orc wizard (D:7)
  3 worker ants (D:6)
  7 adders
  4 river rats
  An ooze (D:1)
  2 worms
  5 dart slugs
  2 leopard geckos
  12 orcs
  2 ball pythons
  2 giant cockroaches
  11 goblins
  14 hobgoblins
  7 jackals
  10 kobolds
  11 bats
  6 frilled lizards
  14 rats
139 creatures vanquished.

Notes
Turn   | Place    | Note
-------+----------+-------------------------------------------
     0 | D:1      | Gildeon the Human Fighter began the quest for the Orb.
     0 | D:1      | Reached XP level 1. HP: 18/18 MP: 1/1
    41 | D:1      | Reached XP level 2. HP: 15/24 MP: 2/2
   270 | D:1      | Reached XP level 3. HP: 26/29 MP: 3/3
   692 | D:1      | Reached XP level 4. HP: 26/35 MP: 4/4
  1340 | D:2      | Found a shadowy altar of Dithmenos.
  1491 | D:2      | Reached skill level 5 in Long Blades
  1491 | D:2      | Reached XP level 5. HP: 36/41 MP: 5/5
  1640 | D:2      | Found an ancient bone altar of Kikubaaqudgha.
  1871 | D:2      | Learned a level 1 spell: Corona
  1999 | D:3      | Noticed dxctxrx's ghost (amateur DEFE)
  2005 | D:3      | Killed dxctxrx's ghost
  2005 | D:3      | Reached XP level 6. HP: 40/48 MP: 6/6
  2113 | D:3      | Found a sacrificial altar of Ru.
  2119 | D:3      | Found a stormy altar of Qazlal.
  2132 | D:3      | Became a worshipper of Qazlal Stormbringer
  2628 | D:4      | Found a glowing drain.
  2634 | D:4      | Reached skill level 5 in Fighting
  3230 | D:4      | Noticed anet's ghost (amateur DEWz)
  3252 | D:4      | Killed anet's ghost
  3252 | D:4      | Reached XP level 7. HP: 46/56 MP: 7/7
  3350 | D:4      | Reached skill level 5 in Armour
  3437 | D:4      | Got a tattered robe
  3448 | D:4      | Identified the +3 robe "Eddaupy" {+Blink} (You found it on level 4 of the Dungeon)
  3489 | D:5      | Entered Level 5 of the Dungeon
  3498 | D:5      | Reached XP level 8. HP: 62/62 MP: 8/8
  3542 | D:4      | Reached * piety under Qazlal
  3544 | D:4      | Found a white marble altar of Elyvilon.
  4176 | D:5      | Found a hide-covered altar of Uskayaw.
  4211 | D:5      | Noticed Prince Ribbit
  4571 | D:5      | Found a radiant altar of Vehumet.
  4571 | D:5      | Found a sparkling altar of Nemelex Xobeh.
  4572 | D:5      | Found a glowing silver altar of Zin.
  4659 | D:5      | Found an iron altar of Okawaru.
  5042 | D:6      | Learned a level 1 spell: Confusing Touch
  5080 | D:6      | Reached skill level 5 in Dodging
  5237 | D:6      | Found a shattered altar of Ashenzari.
  5429 | D:7      | Found a staircase to the Ecumenical Temple.
  5514 | D:6      | Reached skill level 5 in Shields
  5526 | D:6      | Noticed Dowan
  5535 | D:6      | Noticed Duvessa
  5544 | D:6      | Killed Dowan
  5544 | D:6      | Reached skill level 1 in Spellcasting
  5544 | D:6      | Reached XP level 9. HP: 54/68 MP: 10/10
  5569 | D:6      | Killed Duvessa
  5961 | D:6      | Found a runed door.
  5965 | D:6      | Noticed Crazy Yiuf
  5975 | D:6      | Killed Crazy Yiuf
  6166 | D:6      | Found a burning altar of Makhleb.
  6804 | D:8      | Noticed a death yak
  6809 | D:7      | HP: 1/68 [orc priest/divine providence (12)]
  6810 | D:7      | Killed from afar by an orc priest

Vault maps used:
D:1:      lightli_arrival_maybe_door_vault, st_stairs_12
D:2:      nicolae_overflow_hidden_temple, overflow_temple_1_default
D:3:      grunt_temple_overflow_open, first_ration
D:4:      overflow_temple_1_default, enter_ossuary_2, portal_sewer_entry_a,
          kennysheep_decorative_pillar, minmay_misc_feat_enclosed, minivault_11,
          minivault_25
D:5:      okawaru_ov_weapons_minmay, lemuel_doored_altar,
          gammafunk_temple_overflow_claw, uniq_prince_ribbit1
D:6:      old_standard_altar, nicolae_overflow_crystal_walls,
          uniq_crazy_yiuf_cottage, uniq_duvessa
D:7:      minmay_temple_entry_statues_fountains
D:8:      dpeg_lair_monsters, serial_shops, shop

Skill      XL: |  1  2  3  4  5  6  7  8  9 |
---------------+----------------------------+-----
Long Blades    | 3 4 5 |  5.7
Fighting       | 4 5 |  5.0
Armour         | 4 5 |  5.3
Dodging        | 2 5 |  5.1
Shields        | 5 |  5.0
Spellcasting   | 1 4 |  4.1

Action                   |  1- 3 |  4- 6 |  7- 9 || total
-------------------------+-------+-------+-------++-------
Melee: Long sword        |   100 |   254 |   254 ||   608
Evoke: Wand              |       |       |     1 ||     1
  Use: Scroll            |     7 |     8 |    11 ||    26
       Potion            |       |     1 |     3 ||     4
  Eat: Chunk             |       |     7 |     2 ||     9
       Ration            |       |     1 |     3 ||     4
Armor: Scale mail        |    53 |    99 |       ||   152
       Chain mail        |       |    58 |   127 ||   185
Dodge: Dodged            |    22 |    81 |    55 ||   158
Block: Shield            |    55 |   132 |   143 ||   330
       Rpst.: Long sword |     9 |    26 |    16 ||    51

Table legend:
 A = Spawn XP
 B = Non-spawn XP
 C = Spawn XP percentage of total XP
 D = Spawn monster count
 E = Non-spawn monster count
 F = Spawn count percentage of total count
 G = Total turns spent on level
                    A         B        C        D         E        F      G
               +---------+---------+-------+---------+---------+-------+---------
         Total |       0 |    2684 |   0.0 |       0 |     139 |   0.0 |  6810
               +---------+---------+-------+---------+---------+-------+---------
           D:1 |       0 |      76 |   0.0 |       0 |      37 |   0.0 |   996
           D:2 |       0 |     132 |   0.0 |       0 |      25 |   0.0 |   926
           D:3 |       0 |     230 |   0.0 |       0 |      31 |   0.0 |  1086
           D:4 |       0 |     666 |   0.0 |       0 |      10 |   0.0 |   859
           D:5 |       0 |     268 |   0.0 |       0 |       9 |   0.0 |  1160
           D:6 |       0 |    1047 |   0.0 |       0 |      14 |   0.0 |  1388
           D:7 |       0 |     265 |   0.0 |       0 |      13 |   0.0 |   393
               +---------+---------+-------+---------+---------+-------+---------
